Map: Backwater LE

Players

SpeCial

  • Race: Terran Terran
  • Spawn Location: 11:00

Dark - Winner!

  • Race: Zerg Zerg
  • Spawn Location: 5:00

Event: WESG 2017 Haikou

VOD

Have the link to the VOD?

Description

Time

  • Played on: March 14, 2018, 11:28 p.m.
  • Length: 10:41

All games in this series

Show
View Real Time Build Order
Export as new Build Order

SpeCial Terran 

Build Orders: Reaper Expand 

Get SALT Encoding   

  12  0:00  SCV  
  13  0:13  SCV  
  14  0:20  Supply Depot  
  14  0:25  SCV  
  15  0:41  SCV  
  16  0:43  Barracks  
  16  0:49  Refinery  
  16  0:53  SCV  
  17  1:05  SCV  
  18  1:18  SCV  
  19  1:31  Orbital Command, Reaper  
  20  1:40  Command Center  
  20  1:55  Supply Depot  
  20  1:57  SCV  
  21  2:03  Marine  
  21  2:08  Factory  
  22  2:09  SCV  
  23  2:16  Refinery  
  23  2:21  SCV  
  24  2:25  Barracks Reactor  
  24  2:33  SCV  
  25  2:45  SCV  
  26  2:52  Orbital Command  
  26  2:55  Starport  
  26  2:57  SCV  
  27  3:08  Hellion x2  
  27  3:10  SCV  
  32  3:19  SCV  
  33  3:22  SCV  
  33  3:24  Barracks Tech Lab  
  34  3:31  SCV, Widow Mine x2  
  34  3:33  Medivac  
  41  3:34  SCV  
  41  3:36  Supply Depot  
  42  3:43  SCV  
  42  3:46  SCV  
  44  3:54  Hellion  
  46  3:58  SCV x2, Hellion  
  46  4:00  Supply Depot  
  50  4:09  Raven  
  50  4:10  SCV  
  50  4:11  SCV  
  50  4:15  Command Center  
  54  4:22  SCV  
  54  4:23  SCV  
  56  4:26  Marine x2  
  58  4:32  Factory Tech Lab  
  58  4:34  SCV  
  58  4:35  SCV  
  58  4:37  Command Center  
  58  4:46  SCV  
  58  4:47  SCV  
  58  4:49  Marine x2  
  58  4:52  Siege Tank  
  61  4:54  Bunker, Banshee  
  62  5:02  Supply Depot  
  62  5:03  SCV x2  
  62  5:11  Marine  
  62  5:12  Marine  
  59  5:15  SCV x2  
  59  5:16  Refinery  
  59  5:17  Refinery  
  61  5:23  Supply Depot  
  61  5:24  Siege Tank  
  61  5:26  Supply Depot  
  61  5:27  SCV x2  
  66  5:33  SCV, Bunker  
  69  5:36  Supply Depot  
  67  5:45  SCV  
  68  5:56  Siege Tank  
  67  5:59  SCV x2  
  67  6:00  Orbital Command x2  
  49  6:12  Supply Depot  
  49  6:14  SCV x2  
  44  6:21  Marine  
  44  6:22  Supply Depot  
  42  6:26  SCV x2  
  42  6:28  SCV  
  42  6:30  SCV  
  46  6:38  SCV x2  
  48  6:40  SCV  
  48  6:42  SCV  
  50  6:48  Engineering Bay x2  
  50  6:50  SCV x2  
  50  6:52  SCV  
  53  6:54  SCV  
  54  7:02  SCV, Marine  
  54  7:03  SCV, Stimpack  
  54  7:04  SCV  
  54  7:05  Starport Reactor  
  54  7:06  Barracks  
  58  7:11  SCV  
  58  7:15  SCV x2  
  61  7:16  SCV, Barracks  
  61  7:20  Marine, Factory Reactor  
  61  7:21  Supply Depot  
  63  7:23  SCV  
  63  7:25  Terran Infantry Weapons Level 1, Terran Infantry Armor Level 1  
  63  7:27  SCV x2, Barracks  
  63  7:28  SCV  
  63  7:29  Barracks  
  67  7:35  SCV  
  68  7:38  Marine  
  68  7:39  SCV x2  
  68  7:40  SCV  
  72  7:47  SCV  
  72  7:51  SCV x2  
  75  7:52  SCV  
  75  7:58  Refinery, Supply Depot  
  77  7:59  SCV  
  77  8:03  SCV x2  
  77  8:04  SCV, Starport Reactor  
  77  8:05  Supply Depot, Factory  
  80  8:08  Refinery, Marine x2  
  80  8:12  SCV  
  83  8:13  Siege Tank  
  83  8:15  SCV x2, Supply Depot  
  83  8:16  SCV  
  89  8:24  SCV  
  87  8:27  SCV x2, Marine x4  
  87  8:29  SCV  
  87  8:31  Orbital Command, Barracks Reactor  
  94  8:35  Barracks Reactor  
  94  8:38  Marine, Supply Depot  
  94  8:40  Supply Depot  
  95  8:43  Medivac x2  
  95  8:44  Barracks x2  
  95  8:45  Marine x3, Armory, Barracks  
  95  8:46  Supply Depot  
  95  8:47  SCV x2  
  104  8:48  Siege Tank, Marine  
  104  8:53  Factory Tech Lab  
  108  8:55  Marine, Supply Depot  
  108  8:56  SCV  
  108  8:57  SCV  
  108  8:59  SCV x2  
  113  9:03  Marine x3  
  113  9:06  Marine  
  113  9:08  SCV  
  113  9:09  SCV, Supply Depot  
  119  9:11  SCV x2, Marine  
  119  9:12  Marine  
  119  9:13  Marine x2  
  119  9:15  Medivac x2  
  129  9:21  SCV  
  129  9:22  Siege Tank  
  124  9:30  Marine x2  
  118  9:31  Marine x2  
  118  9:34  Marine x2  
  109  9:38  Marine x2  
  109  9:41  Marine  
  109  9:44  Marine x2  
  109  9:45  Siege Tank  
  101  9:47  SCV  
  101  9:48  SCV  
  101  9:49  Marine  
  101  9:50  Marine  
  95  10:00  Marine x2  
  95  10:01  Marine x6  
  95  10:02  Marine x2  
  95  10:06  SCV x3  
  107  10:07  Marine  
  107  10:09  Siege Tank, Marine  
  108  10:18  Marine x2  
  108  10:19  Marine x3  
  108  10:23  Marine x2  
Show
View Real Time Build Order
Export as new Build Order

Dark Zerg - Winner!

Build Orders: Hatch First 

Get SALT Encoding   

  12  0:02  Drone  
  13  0:14  Overlord  
  13  0:17  Drone  
  14  0:32  Drone  
  14  0:33  Drone  
  16  0:38  Drone  
  17  0:54  Drone, Hatchery  
  17  0:59  Drone  
  18  1:08  Extractor  
  17  1:13  Spawning Pool  
  17  1:16  Drone  
  17  1:21  Drone  
  18  1:30  Drone  
  19  1:40  Drone  
  20  1:52  Overlord  
  20  2:00  Queen  
  22  2:06  Queen  
  22  2:07  Zergling x4  
  26  2:09  Metabolic Boost  
  26  2:14  Drone  
  27  2:17  Drone  
  28  2:33  Hatchery  
  28  2:36  Drone  
  28  2:38  Drone  
  28  2:43  Queen  
  30  2:47  Drone  
  30  2:49  Drone  
  32  3:01  Overlord  
  32  3:02  Drone x3  
  35  3:10  Drone  
  36  3:19  Drone  
  37  3:20  Drone x5  
  37  3:21  Drone  
  37  3:26  Overlord  
  43  3:33  Roach Warren, Zergling x2  
  43  3:42  Zergling x2  
  44  3:48  Drone  
  44  3:49  Drone x3  
  44  3:53  Drone  
  49  3:56  Drone x2  
  49  3:57  Extractor x2  
  49  3:59  Zergling x4  
  51  4:03  Overlord  
  51  4:16  Spore Crawler  
  50  4:24  Roach  
  50  4:25  Roach x6  
  50  4:27  Roach  
  50  4:29  Overlord  
  66  4:39  Spore Crawler  
  63  4:51  Zergling x6  
  62  4:54  Overlord x2  
  62  4:55  Zergling x2  
  62  4:57  Zergling x6  
  65  5:07  Zergling x2  
  65  5:15  Ravager x4  
  65  5:16  Zergling x8  
  65  5:20  Zergling x6  
  76  5:22  Ravager, Zergling x2  
  75  5:40  Ravager x2  
  76  5:47  Drone x5  
  76  5:48  Drone x2  
  74  6:03  Drone x2  
  67  6:10  Drone x2  
  62  6:14  Drone x2  
  62  6:15  Drone x2  
  56  6:20  Drone  
  56  6:22  Ravager  
  58  6:25  Drone x3  
  58  6:26  Drone  
  57  6:34  Lair  
  57  6:35  Roach x3  
  57  6:36  Drone  
  57  6:38  Drone x2  
  66  6:46  Drone  
  67  6:50  Drone x4  
  67  6:51  Spore Crawler  
  67  6:52  Drone x3  
  73  6:58  Drone  
  73  7:00  Overlord  
  74  7:02  Extractor, Queen  
  74  7:03  Drone x4  
  74  7:07  Drone  
  80  7:14  Drone  
  80  7:15  Drone  
  82  7:17  Extractor  
  82  7:18  Extractor  
  82  7:19  Drone, Evolution Chamber x2  
  82  7:20  Hatchery  
  78  7:23  Drone x2  
  78  7:25  Overlord  
  78  7:29  Roach x2  
  84  7:32  Overseer  
  84  7:34  Glial Reconstitution  
  84  7:37  Roach  
  84  7:38  Drone, Roach x2  
  90  7:45  Zerg Missile Weapons Level 1  
  90  7:46  Zerg Ground Armor Level 1  
  90  7:51  Roach  
  90  7:52  Roach  
  90  7:53  Overlord x2  
  94  8:02  Overlord  
  94  8:03  Overlord  
  94  8:05  Overlord  
  94  8:06  Roach x2  
  94  8:08  Overlord  
  94  8:11  Overlord  
  94  8:12  Roach x4  
  106  8:16  Roach x2  
  109  8:21  Roach x2  
  109  8:23  Drone  
  109  8:24  Roach  
  109  8:25  Roach  
  117  8:29  Overlord  
  117  8:31  Roach x2  
  117  8:32  Roach  
  117  8:33  Roach  
  125  8:40  Roach x4  
  133  8:42  Roach  
  133  8:44  Roach  
  137  8:48  Ravager x3  
  137  8:49  Ravager x5  
  137  8:51  Roach  
  137  8:52  Roach  
  137  8:55  Roach  
  151  8:57  Overseer  
  151  8:59  Roach x3  
  159  9:02  Roach  
  159  9:05  Roach x2  
  159  9:08  Roach x2  
  167  9:14  Overlord  
  157  9:25  Roach x3  
  157  9:26  Roach x3  
  159  9:33  Roach x3  
  159  9:34  Roach x2  
  159  9:40  Roach x4  
  159  9:43  Roach x4  
  159  9:44  Roach  
  162  9:47  Roach  
  162  9:48  Roach  
  162  9:52  Roach x2  
  165  9:53  Roach  
  165  9:58  Roach x2  
  167  10:03  Overlord  
Tags
 
Add a new tag
Caveats
  • Supply blocks, unpowered buildings, or Contaminate may cause inaccurate times.
  • Supply counts are checked every 10 seconds.